 Dungeon Crawl Stone Soup version 0.20.1-1-g8b1a95d (webtiles) character file.

258 vatarom the Stinger (level 5, -10/36 HPs)
             Began as a Demonspawn Venom Mage on Oct 5, 2017.
             Killed by divine providence
             ... invoked by an orc priest
              (12 damage)
             ... on level 3 of the Dungeon.
             The game lasted 00:09:54 (4342 turns).

vatarom the Stinger (Demonspawn Venom Mage)         Turns: 4342, Time: 00:09:55

Health: -10/36     AC:  6    Str:  8    XL:     5   Next: 94%
Magic:  4/8        EV: 12    Int: 22    God:
Gold:   92         SH:  0    Dex: 15    Spells: 3/9 levels left

rFire    . . .     SeeInvis .     - Unarmed
rCold    . . .     Gourm    .   (no shield)
rNeg     + . .     Faith    .   a - +1 robe
rPois    .         Spirit   .   (helmet restricted)
rElec    .         Reflect  .   (no cloak)
rCorr    .         Harm     .   d - +2 pair of gloves {archery}
MR       .....                  (no boots)
Stlth    ++........             (no amulet)
Regen    0.2/turn               f - +4 ring of intelligence
MPRegen  0.2/turn               l - ring of positive energy

@: no status effects
A: antennae 1, claws 2, agile 1, demonic guardian 1, wild magic 1
a: no special abilities


You were on level 3 of the Dungeon.
You were not hungry.

You visited 1 branch of the dungeon, and saw 3 of its levels.

You collected 92 gold pieces.

Inventory:

Hand Weapons
 g - a +0 club
Armour
 a - a +1 robe (worn)
 d - a +2 pair of gloves of archery (worn)
Jewellery
 f - a +4 ring of intelligence (left hand)
 l - a ring of positive energy (right hand)
 m - an uncursed amulet of rage
Scrolls
 e - 2 scrolls of teleportation
 o - a scroll of enchant armour
 t - a scroll of amnesia
Books
 b - a Young Poisoner's Handbook

   Spells                             Type                      Level
   a - Sting                          Conjuration/Poison           1
   b - Poisonous Vapours              Poison/Air                   2
   c - Mephitic Cloud                 Conjuration/Poison/Air       3
   d - Olgreb's Toxic Radiance        Poison                       4
   e - Venom Bolt                     Conjuration/Poison           5
Comestibles
 c - a bread ration
 h - 2 royal jellies
 i - 3 fruits
 j - a chunk of flesh
 k - 3 meat rations


   Skills:
 - Level 0.6 Fighting
 - Level 1.7 Dodging
 - Level 1.7 Stealth
 * Level 2.7 Unarmed Combat
 + Level 2.6 Spellcasting
 + Level 3.3 Conjurations
 + Level 4.1 Poison Magic


You had 3 spell levels left.
You knew the following spells:

 Your Spells              Type           Power        Failure   Level  Hunger
a - Sting                 Conj/Pois      ####         4%          1    None
b - Poisonous Vapours     Pois/Air       ###...       13%         2    ##.....
c - Mephitic Cloud        Conj/Pois/Air  ###.....     21%         3    ###....


Dungeon Overview and Level Annotations

Branches:
Dungeon (3/15)

Altars:
Dithmenos
Fedhas
Kikubaaqudgha
Qazlal
Xom
Yredelemnul


Innate Abilities, Weirdness & Mutations

You have a pair of small antennae on your head.
You have very sharp fingernails.
A weak demonic guardian rushes to your aid.
You are agile. (Dex +2)
Your spells are a little harder to cast, but a little more powerful.


Message History

You hit the orc.
You kill the orc!
You see here a dagger.
There isn't anything to butcher here.
An orc priest comes into view. It is wielding a club.
The orc priest invokes the aid of Beogh against you.
Beogh smites you!
* * * LOW HITPOINT WARNING * * *
Things that are here:
a flail; a leather armour; 4 chunks of flesh
Casting: Poisonous Vapours
Confirm with . or Enter, or press ? or * to list all spells.
Aiming: Poisonous Vapours
Press: ? - help, Dir - move target cursor, f - orc priest
Aim: an orc priest, wielding a club Poisonous vapours surround the orc priest!
The orc priest is poisoned.
The orc priest mumbles some strange prayers to Beogh against you.
Beogh smites you!
You die...

#..####.#.###.....# #
#.......#.###.....# #
##.######.#.......# #
##'## #.#.#.....# #
##...## #.#.#.....# ##
##.....## #.#.#.#####
.## ##....o..###..)..#
..####.........####...##
.....'........5'@.)....#
..####.........####...##
...# ##.......## ...##
##.# ##....%## .....# .#
##...## .......# .#
##'## ##.....## #.# #.#
#....## ##.# #.# #.#.##
...## ##.######


You could see an orc priest and a friendly shadow imp.

Vanquished Creatures
  Terence (D:2)
  Natasha (twice) (D:2)
  Robin (D:2)
  5 adders
  2 worms
  2 dart slugs (D:1)
  2 leopard geckos (D:1)
  3 orcs (D:3)
  2 ball pythons (D:1)
  6 bats
  3 giant cockroaches (D:1)
  11 goblins
  12 hobgoblins
  4 jackals (D:2)
  A quokka (D:2)
  2 frilled lizards
  7 kobolds
  9 rats
75 creatures vanquished.

Vanquished Creatures (collateral kills)
  An orc priest (D:3)
  Natasha (D:2)
  4 orcs (D:3)
  A giant cockroach (D:2)
7 creatures vanquished.

Grand Total: 82 creatures vanquished

Notes
Turn   | Place    | Note
-------+----------+-------------------------------------------
     0 | D:1      | vatarom the Demonspawn Venom Mage began the quest for the Orb.
     0 | D:1      | Reached XP level 1. HP: 13/13 MP: 3/3
   243 | D:1      | Gained mutation: A weak demonic guardian rushes to your aid. [demonic ancestry]
   243 | D:1      | Reached XP level 2. HP: 14/19 MP: 1/5
   676 | D:1      | HP: 1/20 [leopard gecko (4)]
   721 | D:1      | Learned a level 2 spell: Poisonous Vapours
  1075 | D:1      | Gained mutation: You are dopey. (Int -2) [potion of mutation]
  1075 | D:1      | Gained mutation: You have an increased reservoir of magic. (+10% MP) [potion of mutation]
  1106 | D:1      | Lost mutation: You are dopey. (Int -2) [potion of mutation]
  1106 | D:1      | Lost mutation: You have an increased reservoir of magic. (+10% MP) [potion of mutation]
  1106 | D:1      | Gained mutation: Your spells are a little harder to cast, but a little more powerful. [potion of mutation]
  1106 | D:1      | Gained mutation: You are agile. (Dex +2) [potion of mutation]
  1122 | D:1      | Gained mutation: You have a pair of small antennae on your head. [demonic ancestry]
  1122 | D:1      | Reached XP level 3. HP: 25/25 MP: 3/6
  1333 | D:1      | Learned a level 3 spell: Mephitic Cloud
  1996 | D:2      | Reached skill level 1 in Unarmed Combat
  2000 | D:2      | Noticed Robin
  2132 | D:2      | Killed Robin
  2132 | D:2      | Gained mutation: You have sharp fingernails. [demonic ancestry]
  2132 | D:2      | Reached XP level 4. HP: 26/31 MP: 2/7
  2934 | D:2      | Noticed Natasha
  2940 | D:2      | Killed Natasha
  2959 | D:2      | Noticed Natasha
  2964 | D:2      | Killed Natasha
  2964 | D:2      | Gained mutation: You have very sharp fingernails. [demonic ancestry]
  2964 | D:2      | Reached XP level 5. HP: 33/36 MP: 3/8
  3376 | D:2      | Found a stormy altar of Qazlal.
  3381 | D:2      | Found a shimmering altar of Xom.
  3384 | D:2      | Noticed Natasha
  3395 | D:2      | Killed Natasha
  3410 | D:2      | Found a shadowy altar of Dithmenos.
  3410 | D:2      | Found an ancient bone altar of Kikubaaqudgha.
  3413 | D:2      | Found a basalt altar of Yredelemnul.
  3414 | D:2      | Found a blossoming altar of Fedhas.
  3465 | D:2      | Noticed Terence
  3477 | D:2      | Killed Terence
  3477 | D:2      | Reached skill level 4 in Poison Magic
  4342 | D:3      | Killed from afar by an orc priest

Skill      XL: |  1  2  3  4  5 |
---------------+----------------+-----
Conjurations   | 2 3 |  3.3
Unarmed Combat | 1 2 |  2.7
Poison Magic   | 4 |  4.1
Fighting       | |  0.6
Dodging        | |  1.7
Stealth        | |  1.7
Spellcasting   | |  2.6

Action                   |  1- 3 |  4- 6 || total
-------------------------+-------+-------++-------
Melee: Unarmed           |    40 |   117 ||   157
       Club              |    25 |       ||    25
       Punch             |     1 |     1 ||     2
 Cast: Sting             |    45 |    14 ||    59
       Poisonous Vapours |    16 |    30 ||    46
       Mephitic Cloud    |       |     1 ||     1
  Use: Scroll            |     3 |     4 ||     7
       Potion            |     3 |     7 ||    10
 Stab: Sleeping          |       |     2 ||     2
  Eat: Chunk             |     5 |     8 ||    13
       Bread ration      |       |     1 ||     1
Armor: Robe              |    32 |    43 ||    75
Dodge: Dodged            |    77 |    79 ||   156
